 Dungeon Crawl Stone Soup version 0.28.0-43-g3370ac3207 (webtiles) character file.

Game seed: 4274200274371469030

256 jimonade the Covered (level 6, -3/50 HPs)
             Began as a Gnoll Wanderer on Mar 14, 2022.
             Succumbed to a killer bee's poison
             ... on level 4 of the Dungeon.
             The game lasted 00:08:09 (3309 turns).

jimonade the Covered (Gnoll Wanderer)               Turns: 3309, Time: 00:08:10

Health: -3/50      AC:  7    Str: 14    XL:     6   Next: 15%
Magic:  8/8        EV: 13    Int: 11    God:
Gold:   90         SH:  0    Dex: 11    Spells: 8/8 levels left

rFire   . . .      SeeInvis .   a - +0 quarterstaff (vorpal)
rCold   . . .      Faith    .   (shield currently unavailable)
rNeg    . . .      Spirit   .   c - +0 scale mail
rPois   .          Reflect  .   (no helmet)
rElec   .          Harm     .   (no cloak)
rCorr   .          Rampage  .   (no gloves)
Will    .....                   (no boots)
Stlth   +.........              (no amulet)
HPRegen 0.16/turn               h - +4 ring of evasion
MPRegen 0.11/turn               (no ring)

@: lethally poisoned (-3 -> -23)
A: fangs 1, strong nose, distributed training
a: no special abilities


You were on level 4 of the Dungeon.
You visited 1 branch of the dungeon, and saw 4 of its levels.

You collected 90 gold pieces.

Inventory:

Hand Weapons
 a - a +0 vorpal quarterstaff (weapon)
 b - a +0 hand axe
Missiles
 d - 8 poisoned darts
 e - 65 stones
 g - 4 javelins
 k - 2 throwing nets
 m - 36 arrows
 n - 21 sling bullets
 t - 2 boomerangs (quivered)
Armour
 c - a +0 scale mail (worn)
 j - a +0 robe
Jewellery
 h - a +4 ring of evasion (left hand)
Wands
 r - a wand of paralysis (3)
Scrolls
 o - a scroll of fog
Potions
 f - a potion of haste {unknown}
 i - a potion of magic {unknown}
 l - 2 potions of cancellation
 s - a potion of attraction {unknown}


   Skills:
 + Level 4.9 Fighting
 + Level 1.8 Short Blades
 + Level 1.8 Long Blades
 + Level 3.1 Axes
 + Level 1.8 Maces & Flails
 + Level 1.8 Polearms
 + Level 4.9 Staves
 + Level 1.8 Slings
 + Level 1.8 Bows
 + Level 1.8 Crossbows
 + Level 1.8 Throwing
 + Level 6.8 Armour
 + Level 1.8 Dodging
 + Level 3.0 Stealth
 + Level 1.8 Shields
 + Level 1.8 Unarmed Combat
 + Level 1.8 Spellcasting
 + Level 1.4 Conjurations
 + Level 1.4 Hexes
 + Level 1.4 Summonings
 + Level 1.4 Necromancy
 + Level 1.4 Translocations
 + Level 1.4 Transmutations
 + Level 1.4 Fire Magic
 + Level 1.4 Ice Magic
 + Level 1.4 Air Magic
 + Level 1.4 Earth Magic
 + Level 1.4 Poison Magic
 + Level 2.0 Invocations
 + Level 3.1 Evocations


You had 8 spell levels left.
You didn't know any spells.
Your spell library was empty.

Dungeon Overview and Level Annotations

Branches:
Dungeon (4/15)
 Temple: D:4-7

Altars:
Hepliaklqana
Zin


Innate Abilities, Weirdness & Mutations

You have very sharp teeth.
Your uncanny sense of smell can sniff out nearby items.
Your experience applies equally to all skills.


Message History

The killer bee barely misses you. The killer bee stings you.
You are poisoned.
The killer bee poisons you! The killer bee misses you.
You feel sick.
You feel sick.
You feel sick.
The killer bee stings you but does no damage.
You feel sick.
The killer bee stings you but does no damage.
You feel sick. The killer bee barely misses you.
Okay, then.
Unknown command.
You feel sick.
You are no longer poisoned.
The killer bee misses you. The killer bee closely misses you.
The killer bee completely misses you. The killer bee barely misses you.
The killer bee stings you but does no damage.
The killer bee stings you!
You are poisoned.
The killer bee poisons you! The killer bee closely misses you.
You feel sick. The killer bee stings you.
You are more poisoned.
The killer bee poisons you! The killer bee stings you.
You are more poisoned.
The killer bee poisons you! The killer bee stings you.
You feel very sick.
The killer bee barely misses you. x2; The killer bee completely misses you.
* * * LOW HITPOINT WARNING * * *
You feel very sick. The killer bee barely misses you.
The killer bee misses you. The killer bee stings you.
* * * LOW HITPOINT WARNING * * *
* * * LOW HITPOINT WARNING * * *
You feel very sick. The killer bee closely misses you.
The killer bee stings you.
* * * LOW HITPOINT WARNING * * *
You are more poisoned.
The killer bee poisons you! The killer bee closely misses you.
You die...

.....#######.###.#.#........#####
.....# #.# #.#.#.###.........
.....# ###.###.#.#)# #.........
.....# #....##.#.#.###.........
.....# #.#..##)#..<............
.....# #.......################
..#### #.............. .....#
##......####### ####### #....#
#.....@# #.....# #....# #..Sy..#
#.....# #....# ####...yyy##
#.....# #....# #..........#
####.....# #.....##..........#
#........#
#.....##..........#####........#
#.###..#............).§......###
#......#.............§.......#
#............................#


You could see 4 killer bees and an adder.

Vanquished Creatures
  Ijyb (D:3)
  Natasha (thrice) (D:4)
  A howler monkey skeleton (D:4)
  4 adders (D:2)
  3 gnolls (D:4)
  An adder skeleton (D:4)
  9 endoplasms
  5 giant cockroaches
  7 goblins
  11 hobgoblins
  2 jackals (D:1)
  4 kobolds
  3 quokkas
  7 ball pythons
  6 bats
  5 frilled lizards
  4 rats
76 creatures vanquished.

Notes
Turn   | Place    | Note
-------+----------+-------------------------------------------
     0 | D:1      | jimonade the Gnoll Wanderer began the quest for the Orb.
     0 | D:1      | jimonade set off with the following items: a +0 vorpal
                  | quarterstaff, a +0 hand axe, a +0 scale mail
     0 | D:1      | Reached XP level 1. HP: 20/20 MP: 1/1
    93 | D:1      | Reached XP level 2. HP: 26/26 MP: 2/2
   634 | D:2      | Found a faded altar of an unknown god.
   732 | D:2      | Reached XP level 3. HP: 31/31 MP: 2/4
   759 | D:2      | Reached skill level 1 in Invocations
   797 | D:2      | Reached skill level 1 in Short Blades
   797 | D:2      | Reached skill level 1 in Long Blades
   797 | D:2      | Reached skill level 1 in Maces & Flails
   797 | D:2      | Reached skill level 1 in Polearms
   797 | D:2      | Reached skill level 1 in Slings
   797 | D:2      | Reached skill level 1 in Bows
   797 | D:2      | Reached skill level 1 in Crossbows
   797 | D:2      | Reached skill level 1 in Throwing
   797 | D:2      | Reached skill level 1 in Dodging
   797 | D:2      | Reached skill level 1 in Shields
   797 | D:2      | Reached skill level 1 in Unarmed Combat
   797 | D:2      | Reached skill level 1 in Spellcasting
   809 | D:2      | Reached XP level 4. HP: 23/38 MP: 5/5
  1618 | D:3      | Found a glowing silver altar of Zin.
  1618 | D:3      | Found a hazy altar of Hepliaklqana.
  1688 | D:3      | Reached skill level 1 in Conjurations
  1688 | D:3      | Reached skill level 1 in Hexes
  1688 | D:3      | Reached skill level 1 in Summonings
  1688 | D:3      | Reached skill level 1 in Necromancy
  1688 | D:3      | Reached skill level 1 in Translocations
  1688 | D:3      | Reached skill level 1 in Transmutations
  1688 | D:3      | Reached skill level 1 in Fire Magic
  1688 | D:3      | Reached skill level 1 in Ice Magic
  1688 | D:3      | Reached skill level 1 in Air Magic
  1688 | D:3      | Reached skill level 1 in Earth Magic
  1688 | D:3      | Reached skill level 1 in Poison Magic
  2084 | D:3      | Noticed Ijyb
  2089 | D:3      | Paralysed by Ijyb for 6 turns
  2101 | D:3      | Paralysed by Ijyb for 5 turns
  2109 | D:3      | Killed Ijyb
  2110 | D:3      | Reached XP level 5. HP: 43/43 MP: 5/7
  2493 | D:4      | Noticed Natasha
  2520 | D:4      | Killed Natasha
  2733 | D:4      | Noticed Natasha
  2746 | D:4      | Killed Natasha
  3039 | D:4      | Noticed Natasha
  3043 | D:4      | Killed Natasha
  3045 | D:4      | Reached XP level 6. HP: 48/50 MP: 8/8
  3308 | D:4      | HP: 1/50 [killer bee (5)]
  3309 | D:4      | Succumbed to a killer bee's poison

Illustrated notes

Levels and vault maps discovered:
D:1:      scummos_arrival_checkerplants, layout_basic
D:2:      wander_river, layout_basic, chequers_ecumenical_altar_island
D:3:      layout_basic, gammafunk_temple_overflow_statue, uniq_ijyb
D:4:      layout_basic, uniq_natasha

Skill      XL: |  1  2  3  4  5  6 |
---------------+-------------------+-----
Invocations    | 1 2 |  2.0
Short Blades   | 1 |  1.8
Long Blades    | 1 |  1.8
Maces & Flails | 1 |  1.8
Polearms       | 1 |  1.8
Slings         | 1 |  1.8
Bows           | 1 |  1.8
Crossbows      | 1 |  1.8
Throwing       | 1 |  1.8
Dodging        | 1 |  1.8
Shields        | 1 |  1.8
Unarmed Combat | 1 |  1.8
Spellcasting   | 1 |  1.8
Conjurations   | 1 |  1.4
Hexes          | 1 |  1.4
Summonings     | 1 |  1.4
Necromancy     | 1 |  1.4
Translocations | 1 |  1.4
Transmutations | 1 |  1.4
Fire Magic     | 1 |  1.4
Ice Magic      | 1 |  1.4
Air Magic      | 1 |  1.4
Earth Magic    | 1 |  1.4
Poison Magic   | 1 |  1.4
Axes           | 3 |  3.1
Evocations     | 3 |  3.1
Stealth        | 3 |  3.0
Fighting       | |  4.9
Staves         | |  4.9
Armour         | |  6.8

Action                   |  1- 3 |  4- 6 || total
-------------------------+-------+-------++-------
Melee: Quarterstaff      |    63 |   131 ||   194
       Bite              |     1 |     8 ||     9
Throw: Javelin           |     3 |       ||     3
       Boomerang         |       |     7 ||     7
  Use: Scroll            |     4 |     3 ||     7
Armor: Scale mail        |    37 |    54 ||    91
Dodge: Dodged            |    36 |    95 ||   131
